 Dungeon Crawl Stone Soup version 0.25.1-8-g42b30a86e7 (webtiles) character file.

Game seed: 6535027960581828500

32 hehateme the Skirmisher (level 3, -5/39 HPs)
             Began as an Ogre Fighter on Dec 5, 2020.
             Slain by an ogre
             ... wielding a +0 giant club
              (9 damage)
             ... on level 2 of the Dungeon.
             The game lasted 00:02:47 (1350 turns).

hehateme the Skirmisher (Ogre Fighter)              Turns: 1350, Time: 00:02:48

Health: -5/39      AC:  3    Str: 21    XL:     3   Next: 25%
Magic:  3/3        EV:  8    Int:  9    God:
Gold:   79         SH:  8    Dex:  8    Spells: 2/2 levels left

rFire    . . .     SeeInvis .   a - +1 war axe
rCold    . . .     Gourm    .   c - +0 kite shield
rNeg     . . .     Faith    .   b - +0 robe
rPois    .         Spirit   .   (helmet restricted)
rElec    .         Reflect  .   (no cloak)
rCorr    .         Harm     .   (gloves unavailable)
MR       .....                  (boots unavailable)
Stlth    +.........             (no amulet)
HPRegen  0.13/turn              (no ring)
MPRegen  0.08/turn              (no ring)

@: mighty
A: large, unfitting armour, tough skin 1
a: no special abilities


You were on level 2 of the Dungeon.
You were not hungry.

You visited 1 branch of the dungeon, and saw 2 of its levels.

You collected 79 gold pieces.

Inventory:

Hand Weapons
 a - a +1 war axe (weapon)
Missiles
 i - a throwing net {=f}
 j - 20 sling bullets
 Q - 2 stones (quivered)
Armour
 b - a +0 robe (worn)
 c - a +0 kite shield (worn)
Scrolls
 g - a scroll of enchant armour {unknown}
 h - 2 scrolls of enchant weapon
 k - a scroll of magic mapping {unknown}
Potions
 d - a potion of might
Comestibles
 e - a ration
 f - 2 chunks of flesh


   Skills:
 - Level 4.0 Fighting
 + Level 3.6 Axes
 - Level 2.6 Dodging
 - Level 2.6 Shields


You had 2 spell levels left.
You didn't know any spells.
Your spell library was empty.

Dungeon Overview and Level Annotations

Branches:
Dungeon (2/15)

Altars:


Innate Abilities, Weirdness & Mutations

You are too large for most types of armour.
You have tough skin. (AC +1)


Message History

You throw a stone. The stone barely misses the ogre.
Your shield prevents you from hitting the ogre.
The ogre hits you with a +0 giant club!!
Ouch! That really hurt!
* * * LOW HITPOINT WARNING * * *
The leopard gecko bites you.
* * * LOW HITPOINT WARNING * * *
You block the ogre's attack.
You take 35 damage, and have 4/39 hp.
GAME OVER YEAH!!
Sorry, you're not good enough to have a special ability.
You feel very mighty all of a sudden. You block the leopard gecko's attack.
There are monsters nearby!
There are monsters nearby!
There are monsters nearby!
As you read the scroll labeled PABUUH UPNAMOR, it crumbles to dust.
It is a scroll of enchant weapon.
Your +0 war axe glows red for a moment.
The ogre hits you with a +0 giant club!
You die...

.. ..# #(#
... .( ..#
#(# #.# .(
#.# #.## #.#
#lO########
#.#
#@##.....#
#.#
#..#.....#
#)###
#####.#.....#
#...#
#...........#
#.#.#
#...........#
#.#.#
#.......#####
#.#.#
######..#
#.#.# ##.##
#.#<# #..#
#.###

Skill      XL: |  1  2 |
---------------+-------+-----
Axes           | 3 |  3.6
Fighting       | |  4.0
Dodging        | |  2.6
Shields        | |  2.6

Notes
Turn   | Place    | Note
-------+----------+-------------------------------------------
     0 | D:1      | hehateme the Ogre Fighter began the quest for the Orb.
     0 | D:1      | Reached XP level 1. HP: 24/24 MP: 1/1
   274 | D:1      | Reached XP level 2. HP: 32/32 MP: 2/2
   479 | D:1      | Reached skill level 3 in Axes
   884 | D:1      | Reached XP level 3. HP: 39/39 MP: 3/3
  1342 | D:2      | Noticed an ogre
  1348 | D:2      | HP: 9/39 [ogre/+0 giant club (30)]
  1348 | D:2      | HP: 4/39 [leopard gecko (5)]
  1350 | D:2      | Slain by an ogre

Table legend:
 A = Turns spent in this place as a percentage of turns spent in the entire game.
 B = Non-inter-level travel turns spent in this place as a percentage of non-inter-level travel turns spent in the entire game.
 C = Inter-level travel turns spent in this place as a percentage of turns spent in this place.
 D = Turns resting spent in this place as a percentage of non-inter-level travel turns spent in this place.
 E = Turns spent auto-exploring this place as a percentage of non-inter-level travel turns spent in this place.
 F = Non-inter-level travel turns spent in this place divided by the number of levels of this place that you've seen.
                   A       B       C       D       E      F
               +-------+-------+-------+-------+-------+----------------------
         Total | 100.0 | 100.0 |   3.3 |   0.0 |  86.9 | 653.0
       Dungeon | 100.0 | 100.0 |   3.3 |   0.0 |  86.9 | 653.0
               +-------+-------+-------+-------+-------+----------------------

Table legend:
 A = Kills in this place as a percentage of kills in entire the game.
 B = Kills by you in this place as a percentage of kills by you in the entire game.
 C = Kills by friends in this place as a percentage of kills by friends in the entire game.
 D = Other kills in this place as a percentage of other kills in the entire game.
 E = Experience gained in this place as a percentage of experience gained in the entire game.
 F = Experience gained in this place divided by the number of levels of this place that you have seen.
                   A       B       C       D       E      F
               +-------+-------+-------+-------+-------+----------------------
         Total | 100.0 | 100.0 |   N/A |   N/A | 100.0 |  23.0
       Dungeon | 100.0 | 100.0 |   N/A |   N/A | 100.0 |  23.0
               +-------+-------+-------+-------+-------+----------------------

Action                   || total
-------------------------++-------
Melee: War axe           ||    70
Throw: Stone             ||    32
  Use: Scroll            ||     1
       Potion            ||     1
  Eat: Chunk             ||     1
Armor: Robe              ||    33
Dodge: Dodged            ||    28
Block: Kite shield       ||    38

Vanquished Creatures
  2 dart slugs (D:1)
  A leopard gecko (D:1)
  2 bats
  A giant cockroach (D:1)
  A goblin (D:1)
  3 hobgoblins
  4 jackals (D:1)
  6 kobolds
  A quokka (D:2)
  2 ball pythons
  2 rats (D:1)
25 creatures vanquished. You could see an ogre and a leopard gecko.

Levels and vault maps discovered:
D:1:      dpeg_arrival_line_fractal, layout_basic, due_unseen_surprise
D:2:      layout_basic
